 Dungeon Crawl Stone Soup version 0.22-a0-439-gac93bac (webtiles) character file.

1881 FatCat the Shield-Bearer (level 8, -9/71 HPs)
             Began as a Minotaur Abyssal Knight on May 29, 2018.
             Was a Priest of Lugonu.
             Mangled by an orc knight
             ... wielding a +0 trident
              (26 damage)
             ... in a bailey.
             The game lasted 00:08:14 (4878 turns).

FatCat the Shield-Bearer (Minotaur Abyssal Knight)  Turns: 4878, Time: 00:08:14

Health: -9/71      AC:  5    Str: 16    XL:     8   Next: 91%
Magic:  9/9        EV: 30    Int:  9    God:    Lugonu [***...]
Gold:   330        SH:  0    Dex: 19    Spells: 7/7 levels left

rFire    . . .     SeeInvis .   a - +1 hand axe
rCold    . . .     Gourm    .   (no shield)
rNeg     + . .     Faith    .   e - +2 leather armour {rPois}
rPois    +         Spirit   .   (helmet restricted)
rElec    .         Reflect  .   (no cloak)
rCorr    .         Harm     .   (no gloves)
MR       .....                  (no boots)
Stlth    +.........             w - amulet of the acrobat
HPRegen  0.21/turn              j - ring of positive energy
MPRegen  0.11/turn              k - +6 ring of dexterity (curse)

@: no status effects
A: retaliatory headbutt, horns 2
a: Depart the Abyss, Bend Space, Banish, Renounce Religion


You were in a bailey.
You worshipped Lugonu.
Lugonu was most pleased with you.
You were hungry.

You visited 1 branch of the dungeon, and saw 7 of its levels.
You visited the Abyss 1 time.
You also visited: Bailey.

You collected 330 gold pieces.

Inventory:

Hand Weapons
 a - a +1 hand axe (weapon)
 d - the +9 hand axe of Qazlal's Esteem {venom, rElec rPois Dex-2 SInv}
   (You found it on level 2 of the Abyss)

   It poisons the flesh of those it strikes.
   It affects your dexterity (-2).
   It insulates you from electricity.
   It protects you from poison.
   It lets you see invisible.
 m - a +2 hand axe of chopping
 v - the +8 short sword of the Forest {flame, Stlth+}
   (You found it on level 4 of the Dungeon)

   It has been specially enchanted to burn those struck by it, causing extra
   injury to most foes and up to half again as much damage against particularly
   susceptible opponents.
   It makes you more stealthy.
Armour
 e - a +2 leather armour of poison resistance (worn)
 r - a +0 large shield
 x - a +1 ring mail of cold resistance
Jewellery
 j - a ring of positive energy (left hand)
 k - a cursed +6 ring of dexterity (right hand)
 w - an amulet of the acrobat (around neck)
 C - an uncursed ring of poison resistance {unknown}
Scrolls
 h - 8 scrolls of remove curse {unknown}
 i - 5 scrolls of identify {unknown}
 l - 2 scrolls of blinking {unknown}
 n - a scroll of enchant weapon {unknown}
 p - 3 scrolls of teleportation {unknown}
 q - 2 scrolls of fog {unknown}
Potions
 g - a potion of resistance
 o - a potion of degeneration {unknown}
 t - a potion of magic {unknown}
 u - 2 potions of lignification {unknown}
 z - 2 potions of heal wounds
 A - a potion of mutation {unknown}
 B - a potion of flight {unknown}
 D - a potion of invisibility {unknown}
Comestibles
 c - 9 rations


   Skills:
 + Level 6.7 Fighting
 + Level 5.9 Axes
 + Level 6.0 Armour
 + Level 5.0 Dodging
 * Level 7.4 Shields
 * Level 3.3 Invocations


You had 7 spell levels left.
You didn't know any spells.
Your spell library contained the following spells:

 Spells                   Type           Power        Failure   Level  Hunger
 Confuse                  Hex            #.......     82%         3    ####...
 Confusing Touch          Hex            #.....       43%         1    ##.....
 Metabolic Englaciation   Hex/Ice        #.........   100%        5    ######.
 Petrify                  Tmut/Erth      #.......     99%         4    #####..
 Gell's Gravitas          Tloc           #.........   82%         3    ####...
 Yara's Violent Unravell  Hex/Tmut       #.........   100%        5    ######.


Dungeon Overview and Level Annotations

Branches:
Dungeon (7/15)             Temple (0/1) D:5

Altars:
Vehumet


Innate Abilities, Weirdness & Mutations

You reflexively headbutt those who attack you in melee.
You have a pair of horns on your head.


Message History

Okay, then.
Okay, then.
The orc knight completely misses you. The orc knight closely misses you.
Your orc priest looks encouraged for a moment.
Your orc throws a silver tomahawk.
The silver tomahawk closely misses the orc knight.
The silver tomahawk hits the orc knight but does no damage.
The silver tomahawk dissolves into shadows!
The orc knight hits you from afar with a trident!!
* * * LOW HITPOINT WARNING * * *
Your orc throws a silver tomahawk.
The silver tomahawk barely misses the orc knight.
The silver tomahawk hits the orc knight but does no damage.
The silver tomahawk dissolves into shadows!
The orc no longer looks unusually strong.
The orc knight roars a battlecry!
The orc goes into a battle-frenzy!
The orc knight hits you from afar with a trident!!
You die...

### ####
##∩#########
....##.∩.##.....##
≈≈≈..#..o#.o≈≈≈..#
≈o≈≈.o.....≈≈.≈≈.#
.oo≈..(g.oo≈ooo≈.+
≈o≈≈oogo...≈≈o≈≈.#
≈≈≈g.#.(.#.o≈≈≈..#
..o.##...##..@..##
#### ##∩#########
###


You could see 3 orc knights, an orc warrior, 2 orcs, 2 friendly orc warriors, a
friendly orc priest, 2 friendly gnolls and a friendly orc.

Vanquished Creatures
  Sigmund (D:5)
  Edmund (D:5)
  A sky beast (D:7)
  A phantom (D:4)
  An ice beast (D:5)
  4 centaurs
  A bullfrog (D:6)
  A scorpion (D:4)
  3 wights (D:7)
  A howler monkey (D:4)
  A crimson imp (D:7)
  A bullfrog zombie (D:6)
  4 hounds
  A gnoll shaman (D:5)
  2 orc priests
  2 orc wizards
  2 bullfrog skeletons (D:4)
  5 worker ants
  An iguana (D:7)
  2 hound skeletons (D:4)
  A howler monkey skeleton (D:4)
  3 gnolls (D:5)
  7 adders
  2 adder skeletons
  3 worms
  A dart slug (D:4)
  6 leopard geckos
  12 orcs
  4 giant cockroaches
  6 goblins
  5 hobgoblins
  3 jackals (D:1)
  4 kobolds
  3 quokkas
  3 ball pythons
  7 bats
  3 frilled lizards
  A leopard gecko zombie (D:5)
  A quokka skeleton (D:5)
  6 rats
117 creatures vanquished.

Notes
Turn   | Place    | Note
-------+----------+-------------------------------------------
     0 | Abyss:1  | FatCat the Minotaur Abyssal Knight began the quest for the Orb.
     0 | Abyss:1  | Reached XP level 1. HP: 19/19 MP: 1/1
     3 | Abyss:1  | Found a corrupted altar of Lugonu.
   119 | Abyss:2  | Got an encrusted hand axe
   120 | Abyss:2  | Identified the +9 hand axe of Qazlal's Esteem {venom, rElec rPois Dex-2 SInv} (You found it on level 2 of the Abyss)
   138 | Abyss:2  | Noticed a chaos spawn
   156 | Abyss:2  | Noticed a chaos spawn
   156 | Abyss:2  | Noticed a chaos spawn
   156 | Abyss:2  | Noticed a chaos spawn
   157 | Abyss:2  | Noticed a chaos spawn
   157 | Abyss:2  | Noticed a chaos spawn
   157 | Abyss:2  | Noticed a chaos spawn
   167 | D:1      | Escaped the Abyss
   336 | D:1      | Reached XP level 2. HP: 24/27 MP: 2/2
   360 | D:1      | Reached * piety under Lugonu
   844 | D:2      | Reached XP level 3. HP: 32/33 MP: 3/3
  1111 | D:2      | Reached skill level 1 in Shields
  1205 | D:2      | Reached XP level 4. HP: 38/40 MP: 4/4
  1602 | D:3      | Reached ** piety under Lugonu
  2020 | D:4      | Reached skill level 2 in Shields
  2093 | D:4      | Reached XP level 5. HP: 33/47 MP: 5/5
  2111 | D:4      | Reached skill level 3 in Shields
  2392 | D:4      | Got a crystal short sword
  2394 | D:4      | Identified the +8 short sword of the Forest {flame, Stlth+} (You found it on level 4 of the Dungeon)
  2425 | D:4      | Reached XP level 6. HP: 37/55 MP: 6/6
  2603 | D:4      | Reached skill level 5 in Fighting
  2692 | D:4      | Reached skill level 4 in Shields
  2850 | D:4      | Reached XP level 7. HP: 61/61 MP: 7/7
  2961 | D:5      | Entered Level 5 of the Dungeon
  2980 | D:5      | Reached skill level 5 in Shields
  3135 | D:5      | Found a radiant altar of Vehumet.
  3488 | D:5      | Noticed Sigmund
  3495 | D:5      | Reached skill level 5 in Armour
  3534 | D:5      | Killed Sigmund
  3534 | D:5      | Reached skill level 5 in Axes
  3534 | D:5      | Reached skill level 6 in Shields
  3534 | D:5      | Reached XP level 8. HP: 68/70 MP: 8/8
  3586 | D:5      | Noticed Edmund
  3595 | D:5      | Killed Edmund
  3683 | D:5      | Found a staircase to the Ecumenical Temple.
  3718 | D:5      | Reached *** piety under Lugonu
  4643 | D:7      | Reached skill level 7 in Shields
  4731 | D:7      | Found a flagged portal.
  4736 | D:7      | Reached skill level 5 in Dodging
  4860 | Bailey   | Entered a bailey
  4860 | Bailey   | Noticed an orc knight
  4860 | Bailey   | Noticed an orc knight
  4867 | Bailey   | Noticed an orc knight
  4878 | Bailey   | Mangled by an orc knight

Vault maps used:
D:1:      roderic_crossed_star, minmay_misc_feat_square
D:5:      temple_doors_e, first_ration, basic_altar, uniq_edmund, uniq_sigmund
D:7:      enter_bailey_2, minmay_misc_feat_tiny
Abyss:2:  evilmike_abyss_exit_chaos
Bailey:   bailey_polearm_4, bailey

Skill      XL: |  1  2  3  4  5  6  7  8 |
---------------+-------------------------+-----
Fighting       | 4 5 6 |  6.7
Axes           | 3 4 5 |  5.9
Armour         | 3 4 5 6 |  6.0
Dodging        | 2 3 4 5 |  5.0
Shields        | 1 2 3 4 6 7 |  7.4
Invocations    | 3 |  3.3

Action                   |  1- 3 |  4- 6 |  7- 9 || total
-------------------------+-------+-------+-------++-------
Melee: Hand axe          |    45 |    75 |   136 ||   256
       Headbutt          |     3 |    16 |    42 ||    61
Throw: Tomahawk          |       |       |     4 ||     4
Invok: Depart the Abyss  |     1 |       |       ||     1
  Use: Potion            |       |       |     3 ||     3
       Scroll            |       |       |     2 ||     2
 Stab: Sleeping          |     2 |     2 |     4 ||     8
  Eat: Chunk             |       |     5 |     7 ||    12
Armor: Leather armour    |    17 |    14 |    16 ||    47
Dodge: Dodged            |    31 |    40 |   105 ||   176

Table legend:
 A = Spawn XP
 B = Non-spawn XP
 C = Spawn XP percentage of total XP
 D = Spawn monster count
 E = Non-spawn monster count
 F = Spawn count percentage of total count
 G = Total turns spent on level
                    A         B        C        D         E        F      G
               +---------+---------+-------+---------+---------+-------+---------
         Total |       0 |    2688 |   0.0 |       0 |     117 |   0.0 |  4878
               +---------+---------+-------+---------+---------+-------+---------
           D:1 |       0 |      38 |   0.0 |       0 |      22 |   0.0 |   628
           D:2 |       0 |      65 |   0.0 |       0 |      18 |   0.0 |   613
           D:3 |       0 |      25 |   0.0 |       0 |       7 |   0.0 |   595
           D:4 |       0 |     674 |   0.0 |       0 |      25 |   0.0 |   958
           D:5 |       0 |     985 |   0.0 |       0 |      24 |   0.0 |   833
           D:6 |       0 |     194 |   0.0 |       0 |       7 |   0.0 |   760
           D:7 |       0 |     707 |   0.0 |       0 |      14 |   0.0 |   306
               +---------+---------+-------+---------+---------+-------+---------
